 Dungeon Crawl Stone Soup version 0.27-a0-1196-g3e9cee4cb2 (webtiles) character file.

Game seed: 9198476980387974429

4197 EldarEldrad the Cleaver (level 10, -2/81 HPs)
             Began as a Hill Orc Fighter on May 27, 2021.
             Slain by a boulder beetle (15 damage)
             ... on level 8 of the Dungeon.
             The game lasted 00:45:12 (9694 turns).

EldarEldrad the Cleaver (Hill Orc Fighter)          Turns: 9694, Time: 00:45:12

Health: -2/81      AC: 18    Str: 23    XL:     10   Next: 29%
Magic:  10/10      EV:  7    Int:  8    God:
Gold:   67         SH:  6    Dex: 16    Spells: 9/9 levels left

rFire    . . .     SeeInvis .   H - +4 hand axe
rCold    . . .     Faith    .   i - +0 buckler {reflect}
rNeg     . . .     Spirit   .   d - +0 plate armour
rPois    .         Reflect  +   r - +0 helmet
rElec    .         Harm     .   (no cloak)
rCorr    .         Rampage  .   F - +0 pair of gloves
Will     .....                  G - +0 pair of boots
Stlth    ..........             (no amulet)
HPRegen  0.23/turn              s - +6 ring of dexterity
MPRegen  0.12/turn              (no ring)

@: mighty
A: no striking features
a: no special abilities


You were on level 8 of the Dungeon.
You visited 2 branches of the dungeon, and saw 10 of its levels.

You collected 271 gold pieces.
You spent 204 gold pieces at shops.

Inventory:

Hand Weapons
 a - a +0 war axe
 b - a +4 antimagic flail
 n - the +14 obsidian axe {vorpal, Drain Fly SInv}
   (You acquired it on level 4 of the Dungeon)

   It inflicts extra damage upon your enemies.
   It lets you see invisible.
   It grants you flight.
   It drains your maximum health when unequipped.
 H - a +4 hand axe (weapon)
Missiles
 j - 51 poisoned darts (quivered)
 m - 6 atropa-tipped darts
Armour
 c - a +0 kite shield
 d - a +0 plate armour (worn)
 i - a +0 buckler of reflection (worn)
 r - a +0 helmet (worn)
 F - a +0 pair of gloves (worn)
 G - a +0 pair of boots (worn)
Jewellery
 p - an amulet of magic regeneration
 s - a +6 ring of dexterity (left hand)
 D - a ring of ice
Wands
 q - a wand of polymorph (13)
 A - a wand of iceblast (15)
Scrolls
 f - 2 scrolls of noise
 k - 2 scrolls of teleportation {unknown}
 l - 2 scrolls of amnesia {unknown}
 o - a scroll of fear {unknown}
 u - a scroll of torment {unknown}
 w - a scroll of enchant armour {unknown}
 y - a scroll of silence {unknown}
 C - a scroll of holy word {unknown}
 E - 4 scrolls of magic mapping {unknown}
Potions
 e - a potion of degeneration {unknown}
 h - a potion of attraction {unknown}
 t - 2 potions of might
 v - 3 potions of mutation
 x - 2 potions of heal wounds {unknown}
 z - 2 potions of haste {unknown}
 B - a potion of invisibility {unknown}


   Skills:
 - Level 5.0 Fighting
 * Level 14.0 Axes
 + Level 9.2 Armour
 - Level 6.2 Shields


You had 9 spell levels left.
You didn't know any spells.
Your spell library contained the following spells:

 Spells                   Type           Power      Damage    Failure   Level
 Corona                   Hex            0%         N/A       99%         1
 Summon Small Mammal      Summ           0%         N/A       99%         1
 Call Imp                 Summ           0%         N/A       100%        2
 Ensorcelled Hibernation  Hex/Ice        0%         N/A       100%        2
 Call Canine Familiar     Summ           0%         N/A       100%        3
 Confusing Touch          Hex            0%         N/A       100%        3
 Dazzling Flash           Conj/Hex       0%         N/A       100%        3
 Summon Guardian Golem    Hex/Summ       0%         N/A       100%        3
 Tukima's Dance           Hex            0%         N/A       100%        3
 Summon Ice Beast         Ice/Summ       0%         N/A       100%        4
 Summon Lightning Spire   Summ/Air       0%         N/A       100%        4


Dungeon Overview and Level Annotations

Branches:
Dungeon (9/15)             Temple (1/1) D:4
   Lair: D:8-11         Orc: D:9-12

Altars:
Ashenzari
Cheibriados
Dithmenos
Elyvilon
Fedhas
Gozag
Hepliaklqana
Kikubaaqudgha
Makhleb
Nemelex Xobeh
Okawaru
Qazlal
Ru
Sif Muna
Trog
Uskayaw
Wu Jian
Yredelemnul

Shops:
D:7 *


Message History

You barely miss the ice beast.
The ice beast is almost dead.
The ice beast hits you but does no damage.
You hit the ice beast.
The ice beast is almost dead.
The ice beast closely misses you.
You hit the ice beast.
You kill the ice beast!
Your Axes skill increases to level 14!
The boulder beetle hits you!!!
Ouch! That really hurt!
* * * LOW HITPOINT WARNING * * *
The boulder beetle stops rolling and uncurls.
Okay, then.
You feel better.
The boulder beetle bites you but does no damage.
You feel very mighty all of a sudden.
The boulder beetle bites you but does no damage.
You hit the boulder beetle but do no damage.
The boulder beetle is lightly wounded.
The boulder beetle bites you.
* * * LOW HITPOINT WARNING * * *
You hit the boulder beetle but do no damage.
The boulder beetle is lightly wounded.
The boulder beetle bites you but does no damage.
You slash the boulder beetle!
The boulder beetle is lightly wounded.
You slash the boulder beetle!
The boulder beetle is moderately wounded.
The boulder beetle bites you!
* * * LOW HITPOINT WARNING * * *
You hit the boulder beetle but do no damage.
The boulder beetle is moderately wounded.
You hit the boulder beetle but do no damage.
The boulder beetle is moderately wounded.
The boulder beetle bites you but does no damage.
You completely miss the boulder beetle.
The boulder beetle is moderately wounded.
The boulder beetle bites you!
You die...

#.......≈≈≈≈≈.........# #
#......#§###§#(....####
.##.......§..§§§.....#
..#......#§#####.....# #
#...<....§≈≈≈≈≈.....)####### ####
........#.≈≈≈≈≈.#####......# #.<.
###.....##≈≈≈≈≈## #......# #...
..#....(.##≈≈≈.######......###...
..○°°......≈≈≈..@..........)[....
B..##......≈≈≈.B...........###...
... #.......≈.......###....# #...
...............###### ##...# #...
...###########.# ##..# #... ..
#..# #..# #### . ##... #..# #
.... #### #..#


You could see a boulder beetle.

Vanquished Creatures
  A two-headed ogre (D:8)
  Pikel (D:3)
  A polar bear (D:8)
  Sigmund (D:4)
  A wyvern (D:8)
  Edmund (D:5)
  An acid dragon (D:8)
  3 water moccasins (D:7)
  An orc warrior (D:7)
  Duvessa (D:5)
  An ice beast (D:8)
  2 black bears (D:8)
  An ogre (D:4)
  A kobold brigand (D:8)
  A wyvern zombie (D:8)
  2 water moccasin zombies
  Dowan (D:5)
  9 wights
  An electric eel (D:8)
  A bullfrog zombie (D:3)
  A human zombie (D:4)
  A centaur zombie (D:4)
  2 hounds
  2 orc priests
  2 centaur skeletons (D:6)
  A bullfrog skeleton (D:5)
  2 iguanas (D:5)
  An orc wizard (D:7)
  2 scorpion zombies (D:5)
  A killer bee zombie (D:8)
  A centaur simulacrum (D:8)
  2 hound zombies (D:4)
  A mummy (D:4)
  Robin (D:2)
  5 adders
  4 gnolls
  A shadow imp (D:6)
  3 white imps
  3 ufetubi
  2 adder skeletons (D:4)
  4 adder zombies (D:4)
  A worm (D:2)
  3 dart slugs
  28 orcs
  10 bats
  3 endoplasms
  A giant cockroach (D:3)
  13 goblins
  11 hobgoblins
  19 kobolds
  4 quokkas
  5 ball pythons
  4 frilled lizards
  5 rats
181 creatures vanquished.

Notes
Turn   | Place    | Note
-------+----------+-------------------------------------------
     0 | D:1      | EldarEldrad the Hill Orc Fighter began the quest for the
                  | Orb.
     0 | D:1      | Reached XP level 1. HP: 19/19 MP: 1/1
   184 | D:1      | Reached skill level 3 in Axes
   316 | D:1      | Reached XP level 2. HP: 21/26 MP: 2/2
  1106 | D:2      | Reached XP level 3. HP: 30/31 MP: 3/3
  1469 | D:2      | Reached skill level 4 in Axes
  2301 | D:2      | Reached XP level 4. HP: 39/39 MP: 4/4
  2557 | D:3      | Noticed Robin
  2588 | D:2      | Killed Robin
  2589 | D:2      | Reached skill level 5 in Axes
  2751 | D:3      | Reached XP level 5. HP: 43/45 MP: 5/5
  3294 | D:4      | Noticed Pikel
  3294 | D:4      | Noticed a lemure
  3294 | D:4      | Noticed a lemure
  3294 | D:4      | Noticed a lemure
  3294 | D:4      | Noticed a lemure
  3294 | D:4      | Noticed Sigmund
  3303 | D:3      | Killed Pikel
  3304 | D:3      | Reached skill level 7 in Axes
  3304 | D:3      | Reached skill level 5 in Armour
  3304 | D:3      | Reached skill level 5 in Shields
  3304 | D:3      | Reached XP level 6. HP: 29/51 MP: 6/6
  3304 | D:3      | Reached XP level 7. HP: 33/57 MP: 7/7
  3691 | D:4      | Killed Sigmund
  3692 | D:4      | Reached skill level 8 in Axes
  4098 | D:4      | Reached XP level 8. HP: 64/64 MP: 8/8
  4345 | D:4      | Found a staircase to the Ecumenical Temple.
  4364 | Temple   | Entered the Ecumenical Temple
  4632 | D:4      | Found an ancient bone altar of Kikubaaqudgha.
  4649 | D:4      | Reached skill level 9 in Axes
  5269 | D:4      | Identified 2 scrolls of acquirement
  5269 | D:4      | Acquired the +14 obsidian axe {vorpal, Drain Fly SInv}
  5270 | D:4      | Found the +14 obsidian axe {vorpal, Drain Fly SInv}
  5271 | D:4      | Acquired a +0 buckler of reflection
  5295 | D:5      | Entered Level 5 of the Dungeon
  5509 | D:5      | Noticed Dowan
  5509 | D:5      | Noticed Duvessa
  5558 | D:5      | Noticed Edmund
  5718 | D:5      | Killed Edmund
  5719 | D:5      | Reached skill level 10 in Axes
  6009 | D:5      | Killed Duvessa
  6010 | D:5      | Killed Dowan
  6011 | D:5      | Reached XP level 9. HP: 64/72 MP: 9/9
  6455 | D:6      | Identified the +1 leather armour of Instinct {Harm *Slow
                  | rF+}
  6754 | D:6      | You fall into a shaft and drop 3 floors!
  6772 | D:8      | Reached skill level 5 in Fighting
  6772 | D:8      | Reached skill level 11 in Axes
  6835 | D:8      | Noticed a polar bear
  6846 | D:8      | Killed a polar bear
  7686 | D:8      | Noticed a two-headed ogre
  7708 | D:8      | Killed a two-headed ogre
  7709 | D:8      | Reached skill level 12 in Axes
  7983 | D:7      | Found a sparkling altar of Nemelex Xobeh.
  8019 | D:7      | Found Cefiperph's Assorted Antiques.
  8026 | D:7      | Bought a tapered ivory wand for 96 gold pieces
  8026 | D:7      | Bought a pair of gloves for 108 gold pieces
  8098 | D:7      | Reached skill level 13 in Axes
  8391 | D:7      | Reached XP level 10. HP: 68/81 MP: 10/10
  9249 | D:7      | Noticed a deep elf pyromancer
  9658 | D:8      | Noticed a boulder beetle
  9684 | D:8      | Reached skill level 14 in Axes
  9694 | D:8      | Slain by a boulder beetle

Illustrated notes

Levels and vault maps discovered:
D:1:      roderic_chinese_lattice_arrival, layout_loops_cross
D:2:      layout_basic, grunt_decor_junction
D:3:      layout_basic, uniq_robin
D:4:      layout_layer_cave, lemuel_mausoleum_altar_kikubaaqudgha,
          minmay_temple_entry_sparse_star, uniq_pikel, uniq_sigmund
D:5:      layout_rooms, uniq_duvessa, uniq_edmund
D:6:      layout_basic, chequers_serial_rivers_small_b
D:7:      nzn_winding_woodlands_large [nzn_winding_woodlands_5x5_checkerboard,
          nzn_winding_woodlands_5x15_sidewinder,
          nzn_winding_woodlands_5x5_perimeter,
          nzn_winding_woodlands_center_triple_pond,
          nzn_winding_woodlands_15x15_boxy_spiral,
          nzn_winding_woodlands_center_pierced_h,
          nzn_winding_woodlands_5x5_three,
          nzn_winding_woodlands_5x15_split_checker,
          nzn_winding_woodlands_5x5_default], layout_basic,
          nemelex_xobeh_ov_fountains_minmay, kennysheep_mini, serial_shops,
          shop, minmay_chambers_of_fives
D:8:      layout_rooms, nicolae_overflow_hidden_temple, serial_ice,
          serial_ice_g, serial_ice_c, serial_ice_h, serial_ice_l
D:9:      layout_irregular_city, minmay_checkerbox, uniq_maggie, uniq_joseph
Temple:   nicolae_temple_elliptical

Skill      XL: |  1  2  3  4  5  6  7  8  9 10 |
---------------+-------------------------------+-----
Axes           | 3 4 5 7 8 10 13 14 | 14.0
Armour         | 4 5 6 8 9 |  9.2
Shields        | 4 5 6 |  6.2
Fighting       | 4 5 |  5.0

Action                   |  1- 3 |  4- 6 |  7- 9 | 10-12 || total
-------------------------+-------+-------+-------+-------++-------
Melee: War axe           |   130 |    98 |   373 |    68 ||   669
       Unarmed           |       |       |     9 |    11 ||    20
       Hand axe          |       |       |       |    37 ||    37
Throw: Dart              |       |     4 |       |     3 ||     7
       Throwing net      |       |       |     4 |       ||     4
Evoke: Wand              |       |       |       |     5 ||     5
  Use: Potion            |       |     1 |     2 |     2 ||     5
       Scroll            |       |       |     7 |       ||     7
 Stab: Held in net/web   |       |       |     3 |       ||     3
Armor: Scale mail        |    51 |    44 |     7 |       ||   102
       Chain mail        |       |       |    39 |       ||    39
       Skin              |       |       |     4 |     4 ||     8
       Plate armour      |       |       |   131 |    36 ||   167
Dodge: Dodged            |    30 |    32 |    86 |    28 ||   176
Block: Kite shield       |    64 |    46 |    80 |       ||   190
       Buckler           |       |       |    67 |    22 ||    89
       Reflection        |       |       |     1 |     3 ||     4

Table legend: (Time is in decaauts)
 A = Elapsed time spent in this place.
 B = Non-inter-level travel time spent in this place.
 C = Inter-level travel time spent in this place.
 D = Time resting spent in this place.
 E = Time spent auto-exploring this place.
 F = Levels seen in this place.
 G = Mean time per level.
                   A        B        C        D        E       F      G
               +--------+--------+--------+--------+--------+-----+--------+
         Total |   9833 |   9613 |    220 |   3604 |   3443 |  10 |  983.3 |
       Dungeon |   9643 |   9448 |    195 |   3604 |   3281 |   9 | 1071.4 |
        Temple |    189 |    164 |     25 |      0 |    162 |   1 |  189.0 |
               +--------+--------+--------+--------+--------+-----+--------+

Top non-repeatable levels by time:
     D:4: 1577 daAuts
     D:2: 1466 daAuts
     D:3: 1234 daAuts
     D:1: 1117 daAuts
     D:8: 999 daAuts
     D:7: 964 daAuts
     D:6: 853 daAuts
     D:5: 786 daAuts
     D:9: 643 daAuts
  Temple: 189 daAuts
